 Dungeon Crawl Stone Soup version 0.18-b1-10-g3f7de93 (webtiles) character file.

135 dvd the Sneak (level 4, -1/21 HPs)
             Began as a Spriggan Enchanter on Apr 29, 2016.
             Was an Initiate of Dithmenos.
             Killed from afar by Natasha (6 damage)
             ... with a magic dart
             ... on level 3 of the Dungeon.
             The game lasted 00:08:47 (3181 turns).

dvd the Sneak (Spriggan Enchanter)                  Turns: 3181, Time: 00:08:47

Health: -1/21      AC:  3    Str:  4    XL:     4   Next: 96%
Magic:  5/9        EV: 18    Int: 17    God:    Dithmenos [......]
Gold:   111        SH:  3    Dex: 16    Spells: 3 memorised, 1 level left

rFire  . . .     SeeInvis +     a - +1 dagger
rCold  . . .     Gourm    .     b - +1 robe
rNeg   . . .     Faith    .     (shield restricted)
rPois  +         Spirit   .     (helmet restricted)
rElec  .         Dismiss  .     (no cloak)
rCorr  .         Reflect  +     (gloves unavailable)
SustAt +         Harm     .     (boots unavailable)
MR     .....                    o - +3 amulet of reflection
Stlth  ++++......               h - ring of sustain attributes
                                f - ring of poison resistance

@: drained, very quick, not resistant to hostile enchantments, stealthy
A: unfitting armour, see invisible, herbivore 3, speed 3, slow metabolism 2
a: Renounce Religion


You were on level 3 of the Dungeon.
You worshipped Dithmenos.
Dithmenos was noncommittal.
You were full.

You visited 1 branch of the dungeon, and saw 3 of its levels.

You collected 111 gold pieces.

Inventory:

Hand Weapons
 a - a +1 dagger (weapon)
Armour
 b - a +1 robe (worn)
Jewellery
 f - a ring of poison resistance (left hand)
 h - a ring of sustain attributes (right hand)
 o - a +3 amulet of reflection (around neck)
Scrolls
 e - 4 scrolls of identify
 i - a scroll of amnesia
 j - a scroll of teleportation
Potions
 g - a potion of agility {unknown}
 l - 2 potions of curing {unknown}
 n - 2 potions of degeneration {unknown}
 p - 2 potions of lignification {unknown}
 r - a potion of brilliance {unknown}
 s - a potion of might
Books
 c - a book of Maledictions

   Spells                             Type                      Level
   a - Corona                         Hexes                        1
   b - Ensorcelled Hibernation        Hexes/Ice                    2
   c - Confuse                        Hexes                        3
   d - Tukima's Dance                 Hexes                        3
   e - Dazzling Spray                 Conjuration/Hexes            3
Comestibles
 d - a bread ration
 k - a fruit


   Skills:
 + Level 0.1(0.0) Fighting
 + Level 1.2(1.0) Short Blades
 + Level 3.6(3.4) Dodging
 + Level 6.5(6.3) Stealth
 + Level 3.3(3.1) Spellcasting
 + Level 4.7(4.5) Hexes
 + Level 0.7(0.5) Ice Magic


You had one spell level left.
You knew the following spells:

 Your Spells              Type           Power        Failure   Level  Hunger
a - Dazzling Spray        Conj/Hex       ##......     21%         3    ###....
b - Ensorcelled Hibernat  Hex/Ice        ##....       12%         2    ##.....
c - Confuse               Hex            ###.....     10%         3    ###....


Dungeon Overview and Level Annotations

Branches:
Dungeon (3/15)

Altars:
Dithmenos
Makhleb
Vehumet

Annotations:
D:3 Natasha; RudyRod's ghost, amateur DsFE


Innate Abilities, Weirdness & Mutations

You are tiny and cannot use many weapons and most armour.
You have supernaturally acute eyesight.
You are a herbivore.
You cover ground extremely quickly.
You need consume almost no food.


Message History

You hit the gnoll but do no damage.
The gnoll is moderately wounded.
The gnoll hits you from afar with a spear.
The gnoll barely misses the gnoll.
You hit the gnoll but do no damage.
The gnoll is moderately wounded.
The gnoll misses you.
You hit the gnoll.
The gnoll is heavily wounded.
The gnoll hits you from afar with a spear!
* * * LOW HITPOINT WARNING * * *
The gnoll completely misses the gnoll.
The gnoll hits the gnoll.
The gnoll hits something.
Dithmenos accepts your kill.
You feel a bit more experienced.
Natasha, Servant of Life and Death comes into view.
Natasha casts a spell at you. The magic dart hits you!
You die...

.# #.######## ###
### #.#.# .# #.#
#.# #..# #.#.# .#
#.# #h## #..#
#.#.# .# #.# #..#
#..# #.#.# ## #.#
##.# #(.# #.#.#
#.# #.# #..#
#.#.# #.# ##.##
#.<# #.#.#
#.###...###..#
#.#.#
#......@.....#
#.#.#
#####...####.#
#.#.# ##>## #.#
#.#.# #.# #.#
#g#.# #.# #.#
#g#.# #.# #.#
#.#.# #.# #.#
#.#.#
###############.#
#.# #.#.#
...##...........#
#.# #.#.#


You could see Natasha.

Vanquished Creatures
  Natasha (D:3)
  A gnoll (D:3)
  3 adders
  An ooze (D:2)
  2 worms
  2 dart slugs
  3 giant geckos
  A ball python (D:2)
  7 bats
  3 giant cockroaches
  7 goblins
  8 hobgoblins
  6 kobolds
  3 quokkas (D:3)
  3 giant newts
  10 rats
61 creatures vanquished.

Notes
Turn   | Place    | Note
--------------------------------------------------------------
     0 | D:1      | dvd the Spriggan Enchanter began the quest for the Orb.
     0 | D:1      | Reached XP level 1. HP: 9/9 MP: 5/5
   229 | D:1      | Reached XP level 2. HP: 6/13 MP: 2/6
   241 | D:1      | Learned a level 2 spell: Ensorcelled Hibernation
   478 | D:1      | Reached skill level 5 in Stealth
   717 | D:1      | Reached XP level 3. HP: 16/16 MP: 5/8
   784 | D:1      | Learned a level 3 spell: Confuse
  1280 | D:2      | Found a burning altar of Makhleb.
  1411 | D:2      | Reached XP level 4. HP: 21/21 MP: 9/9
  1576 | D:2      | Found a radiant altar of Vehumet.
  1582 | D:2      | Found a shadowy altar of Dithmenos.
  1586 | D:2      | Became a worshipper of Dithmenos the Shadowed
  1971 | D:3      | Found a faded altar to an unknown god.
  2002 | D:3      | Noticed RudyRod's ghost (amateur DsFE)
  2051 | D:3      | Noticed Natasha
  2060 | D:3      | Killed Natasha
  2060 | D:3      | Reached skill level 6 in Stealth
  2971 | D:3      | Learned a level 3 spell: Dazzling Spray
  3180 | D:3      | Noticed Natasha
  3181 | D:3      | Killed from afar by Natasha

Skill      XL: |  1  2  3  4 |
---------------+-------------+-----
Hexes          | 4 |  4.7
Stealth        | 5 6 |  6.5
Spellcasting   | 3 |  3.3
Fighting       | |  0.1
Short Blades   | |  1.2
Dodging        | |  3.6
Ice Magic      | |  0.7

Action                   |  1- 3 |  4- 6 || total
-------------------------+-------+-------++-------
Melee: Dagger            |    94 |    51 ||   145
 Cast: Corona            |    12 |       ||    12
       Ensorcelled Hiber |    20 |    20 ||    40
       Confuse           |     1 |    10 ||    11
  Use: Scroll            |       |     6 ||     6
 Stab: Sleeping          |    27 |    22 ||    49
       Confused          |     1 |     2 ||     3
  Eat: Bread ration      |       |     1 ||     1
       Fruit             |       |     1 ||     1
       Pizza             |       |     1 ||     1
Armor: Robe              |     5 |     3 ||     8
Dodge: Dodged            |    67 |    26 ||    93
Block: Other             |     2 |     6 ||     8
       Reflection        |       |     1 ||     1
